 Dungeon Crawl Stone Soup version 0.26-a0-651-gb41185065b (webtiles) character file.

Game seed: 17863882261227859851

1169 kae the Grappler (level 8, -1/59 HPs)
             Began as a Grey Draconian Transmuter on Oct 26, 2020.
             Was a Believer of Wu Jian.
             Slain by a wraith (3 damage)
             ... in an ossuary.
             The game lasted 00:05:53 (5941 turns).

kae the Grappler (Grey Draconian Transmuter)        Turns: 5941, Time: 00:05:54

Health: -1/59      AC: 11    Str: 14    XL:     8   Next: 17%
Magic:  12/12      EV: 12    Int: 15    God:    Wu Jian [**....]
Gold:   274        SH:  0    Dex: 11    Spells: 2/13 levels left

rFire    . . .     SeeInvis .     - Unarmed
rCold    . . .     Faith    .   (no shield)
rNeg     . . .     Spirit   .   (armour unavailable)
rPois    .         Reflect  .   (helmet restricted)
rElec    .         Harm     .   (no cloak)
rCorr    .         Rampage  .   (no gloves)
MR       .....                  (no boots)
Stlth    +.........             (no amulet)
HPRegen  0.19/turn              (no ring)
MPRegen  0.13/turn              (no ring)

@: slowed, very slow
A: walk through water, unfitting armour, unbreathing, cold-blooded, AC +11
a: Wall Jump, Renounce Religion


You were in an ossuary.
You worshipped Wu Jian.
Wu Jian was pleased with you.
You visited 1 branch of the dungeon, and saw 5 of its levels.
You also visited: Sewer and Ossuary.

You collected 274 gold pieces.

Inventory:

Missiles
 e - 41 stones (quivered)
Wands
 m - a wand of disintegration (16)
Scrolls
 d - a scroll of enchant armour
 g - 3 scrolls of teleportation
 h - a scroll of blinking
 k - 2 scrolls of fear
 o - a scroll of amnesia
 p - a scroll of remove curse
 r - a scroll of identify
 v - a scroll of enchant weapon
Potions
 a - 5 potions of curing
 b - 2 potions of flight {unknown}
 c - a potion of ambrosia
 f - a potion of degeneration
 i - 2 potions of haste {unknown}
 j - 5 potions of brilliance {unknown}
 l - 2 potions of magic {unknown}
 n - 2 potions of heal wounds
 q - a potion of might
 s - a potion of berserk rage {unknown}
 t - a potion of lignification {unknown}
 u - a potion of stabbing {unknown}
 w - 2 potions of mutation {unknown}


   Skills:
 - Level 1.1 Fighting
 - Level 1.7 Dodging
 * Level 8.3 Unarmed Combat
 - Level 3.0 Spellcasting
 + Level 5.7 Transmutations


You had 2 spell levels left.
You knew the following spells:

 Your Spells              Type           Power        Failure   Level
a - Beastly Appendage     Tmut           ###...       1%          1
b - Wereblood             Tmut           ###.....     3%          2
c - Spider Form           Tmut/Pois      ##........   19%         3
d - Blade Hands           Tmut           ###.......   47%         5

Your spell library contained the following spells:

 Spells                   Type           Power        Failure   Level
 Summon Small Mammal      Summ           #...         21%         1
 Call Imp                 Summ           #.......     30%         2
 Call Canine Familiar     Summ           #.......     52%         3
 Summon Guardian Golem    Hex/Summ       #.......     52%         3
 Ice Form                 Ice/Tmut       ##......     52%         4
 Summon Ice Beast         Ice/Summ       #.......     89%         4
 Summon Lightning Spire   Summ/Air       #.......     89%         4


Dungeon Overview and Level Annotations

Branches:
Dungeon (5/15)              Sewer (visited)         Ossuary (1/1)
 Temple: D:4-7

Altars:
Elyvilon
Fedhas
Okawaru
Uskayaw
Wu Jian

Annotations:
Ossuary exclusions: door and wight


Innate Abilities, Weirdness & Mutations

You can walk through water.
Your dull iron-grey scales are very hard. (AC +11)
You cannot fit into any form of body armour.
You can survive without breathing.
You are cold-blooded and may be slowed by cold attacks.


Message History

* * * LOW HITPOINT WARNING * * *
The wraith drains your vigour!
You feel as though you will be slow longer.
You closely miss the wraith.
The wraith is severely damaged.
The wraith hits you but does no damage.
You hit the wraith but do no damage.
The wraith is severely damaged.
The wraith barely misses you.
You hit the wraith but do no damage.
The wraith is severely damaged.
The wraith hits you but does no damage.
You hit the wraith but do no damage.
Your tail-slap misses the wraith.
The wraith is severely damaged.
The wraith closely misses you. The wraith hits you but does no damage.
You barely miss the wraith.
You tail-slap the wraith, but do no damage.
The wraith is severely damaged.
The wraith hits you.
You die...

#.............#
#.###.....###.#
#.#z#.?...#z#.#
#.###.....###.#
#.............#
#.............#
#.###.###.###.#
#.#W#.# #.#.#.#
#.@##.###.##'.#
#.............#
#######'#######
#.# ###.###
#W▓.▓z# ###.###
#.# #'#


You could see a wraith.

Vanquished Creatures
  A wraith (Ossuary)
  Eustachio (D:4)
  An ice beast (D:5)
  Purgy (D:3)
  An ogre (D:4)
  A crocodile (Sewer)
  A scorpion (D:4)
  A wight (Ossuary)
  A hound (D:4)
  An orc wizard (D:4)
  Natasha (thrice) (D:2)
  3 worker ants (D:4)
  Robin (D:2)
  4 gnolls (D:3)
  7 adders
  An ufetubus (D:5)
  An adder zombie (Ossuary)
  5 worms
  3 dart slugs
  4 leopard geckos
  3 orcs
  5 ball pythons
  8 giant cockroaches
  8 hobgoblins
  8 jackals
  3 quokkas
  3 ball python skeletons (Ossuary)
  8 bats
  5 frilled lizards
  15 goblins
  A hobgoblin zombie (Ossuary)
  A jackal skeleton (D:4)
  4 kobolds
  3 orc skeletons (Ossuary)
  An orc zombie (Ossuary)
  6 rats
124 creatures vanquished.

Notes
Turn   | Place    | Note
-------+----------+-------------------------------------------
     0 | D:1      | kae the Draconian Transmuter began the quest for the Orb.
     0 | D:1      | Reached XP level 1. HP: 16/16 MP: 3/3
    48 | D:1      | Reached XP level 2. HP: 20/23 MP: 3/5
    52 | D:1      | Learned a level 2 spell: Wereblood
   557 | D:1      | Reached XP level 3. HP: 22/28 MP: 4/6
   562 | D:1      | Learned a level 3 spell: Spider Form
   867 | D:2      | Reached skill level 4 in Unarmed Combat
   915 | D:2      | Noticed Robin
   955 | D:2      | Killed Robin
  1133 | D:2      | Reached XP level 4. HP: 30/35 MP: 5/7
  1431 | D:2      | Found an ornate altar of the Wu Jian Council.
  1439 | D:2      | Became a worshipper of the Wu Jian Council
  1555 | D:2      | Noticed Natasha
  1564 | D:2      | Killed Natasha
  1672 | D:2      | Noticed Natasha
  1681 | D:2      | Killed Natasha
  1717 | D:2      | Reached XP level 5. HP: 40/40 MP: 6/8
  1738 | D:2      | Noticed Natasha
  1747 | D:2      | Killed Natasha
  1862 | D:2      | Found a white marble altar of Elyvilon.
  2215 | D:2      | Found a faded altar of an unknown god.
  2242 | D:2      | Reached skill level 5 in Unarmed Combat
  2423 | D:3      | Noticed Purgy
  2425 | D:3      | Found an iron altar of Okawaru.
  2440 | D:3      | Killed Purgy
  2440 | D:3      | Reached XP level 6. HP: 34/47 MP: 6/10
  2939 | D:3      | Found a glowing drain.
  2949 | Sewer    | Entered a sewer
  3782 | D:3      | Reached skill level 6 in Unarmed Combat
  3786 | D:3      | Reached * piety under Wu Jian
  4095 | D:4      | Found a blossoming altar of Fedhas.
  4377 | D:4      | Found a hide-covered altar of Uskayaw.
  4409 | D:4      | Your scales start taking on a dull iron-grey colour.
  4409 | D:4      | Reached XP level 7. HP: 32/52 MP: 8/11
  4409 | D:4      | Gained mutation: You can survive without breathing. [Grey
                  | Draconian growth]
  4748 | D:4      | Reached skill level 7 in Unarmed Combat
  4883 | D:4      | Learned a level 5 spell: Blade Hands
  5259 | D:4      | Noticed Eustachio
  5276 | D:4      | Killed Eustachio
  5276 | D:4      | Reached skill level 5 in Transmutations
  5404 | D:5      | Entered Level 5 of the Dungeon
  5469 | D:5      | Found a sand-covered staircase.
  5476 | Ossuary  | Entered an ossuary
  5551 | Ossuary  | Reached ** piety under Wu Jian
  5598 | Ossuary  | Noticed a wraith
  5598 | Ossuary  | Noticed a flying skull
  5609 | Ossuary  | Noticed a flying skull
  5630 | Ossuary  | Noticed a flying skull
  5637 | Ossuary  | Noticed a flying skull
  5683 | Ossuary  | Reached XP level 8. HP: 57/59 MP: 2/12
  5778 | Ossuary  | Reached skill level 8 in Unarmed Combat
  5936 | Ossuary  | HP: 1/59 [wraith (6)]
  5941 | Ossuary  | Slain by a wraith

Illustrated notes

Levels and vault maps discovered:
D:1:      moated_graveyard_arrival, layout_rooms
D:2:      layout_loops_corners, lemuel_doored_altar,
          nicolae_overflow_crystal_walls, chequers_ecumenical_altar_island,
          minmay_misc_feat_pillars, uniq_robin, uniq_natasha
D:3:      layout_basic, cheibrodos_sewer_entry_drain,
          kennysheep_okawaru_gauntlet, uniq_purgy
D:4:      layout_loops_ring, lemuel_crystal_altar, lemuel_round_altar,
          minmay_a_box_with_orc_wizards_in_it, uniq_eustachio
D:5:      layout_layer_cave, minmay_temple_entry_mist,
          chequers_ossuary_entry_cave, uniq_edmund
Ossuary:  ossuary_due_cavern

Skill      XL: |  1  2  3  4  5  6  7  8 |
---------------+-------------------------+-----
Unarmed Combat | 4 5 6 7 8 |  8.3
Transmutations | 3 4 5 |  5.7
Spellcasting   | 3 |  3.0
Fighting       | |  1.1
Dodging        | |  1.7

Action                   |  1- 3 |  4- 6 |  7- 9 || total
-------------------------+-------+-------+-------++-------
Melee: Unarmed           |   109 |   150 |   146 ||   405
       Kick              |    18 |    22 |     5 ||    45
       Headbutt          |    10 |    13 |       ||    23
       Tailslap          |     7 |     8 |     5 ||    20
       Punch             |     2 |       |     2 ||     4
Throw: Stone             |       |    22 |       ||    22
 Cast: Beastly Appendage |    21 |    29 |     4 ||    54
       Spider Form       |       |     5 |    14 ||    19
Invok: Lunge             |       |    10 |     3 ||    13
  Use: Scroll            |       |    13 |     1 ||    14
       Potion            |       |     2 |     1 ||     3
 Stab: Sleeping          |       |     1 |       ||     1
Armor: Skin              |    27 |    25 |    30 ||    82
Dodge: Dodged            |    84 |    88 |   116 ||   288

Table legend: (Time is in decaauts)
 A = Elapsed time spent in this place.
 B = Non-inter-level travel time spent in this place.
 C = Inter-level travel time spent in this place.
 D = Time resting spent in this place.
 E = Time spent auto-exploring this place.
 F = Levels seen in this place.
 G = Mean time per level.
                   A        B        C        D        E       F      G
               +--------+--------+--------+--------+--------+-----+--------+
         Total |   5981 |   5923 |     58 |    462 |   4374 |   7 |  854.4 |
       Dungeon |   4977 |   4919 |     58 |    312 |   3722 |   5 |  995.4 |
         Sewer |    524 |    524 |      0 |    143 |    286 |   1 |  524.0 |
       Ossuary |    480 |    480 |      0 |      7 |    365 |   1 |  480.0 |
               +--------+--------+--------+--------+--------+-----+--------+

Top non-repeatable levels by time:
     D:2: 1601 daAuts
     D:4: 1319 daAuts
     D:3: 1251 daAuts
     D:1: 735 daAuts
   Sewer: 524 daAuts
 Ossuary: 480 daAuts
     D:5: 70 daAuts
